 Dungeon Crawl Stone Soup version 0.28.0-49-g6dfe1f597d (webtiles) character file.

Game seed: 12024997889718842726

7 CryoSword the Insei (level 1, -1/16 HPs)
             Began as a Demigod Transmuter on May 16, 2022.
             Succumbed to a kobold's poison
             ... on level 1 of the Dungeon.
             The game lasted 00:00:25 (164 turns).

CryoSword the Insei (Demigod Transmuter)             Turns: 164, Time: 00:00:25

Health: -1/16      AC:  2    Str: 11    XL:     1   Next: 73%
Magic:  4/5        EV: 12    Int: 15    God:
Gold:   12         SH:  0    Dex: 14    Spells: 2/3 levels left

rFire   . . .      SeeInvis .     - Unarmed
rCold   . . .      Faith    .   (no shield)
rNeg    . . .      Spirit   .   a - +0 robe
rPois   .          Reflect  .   (helmet currently unavailable)
rElec   .          Harm     .   (no cloak)
rCorr   .          Rampage  .   (no gloves)
Will    .....                   (boots currently unavailable)
Stlth   +.........              (no amulet)
HPRegen 0.05/turn               (no ring)
MPRegen 0.09/turn               (no ring)

@: lethally poisoned (-1 -> -13), appendages (expiring)
A: horns 2, talons 2, high MP 1, forlorn, divine attributes
a: End Transformation


You were on level 1 of the Dungeon.
You had temporarily grown beastly horns and talons.
You visited 1 branch of the dungeon, and saw 1 of its levels.

You collected 12 gold pieces.

Inventory:

Armour
 a - a +0 robe (worn)
Scrolls
 b - a scroll of brand weapon {unknown}
 c - a scroll of fog {unknown}


   Skills:
 + Level 1.0 Fighting
 + Level 1.9 Dodging
 * Level 2.8 Unarmed Combat
 + Level 1.8 Spellcasting
 * Level 2.0 Transmutations


You had 2 spell levels left.
You knew the following spells:

 Your Spells              Type           Power      Damage    Failure   Level
a - Beastly Appendage     Tmut           14%        N/A       10%         1

Your spell library contained the following spells:

 Spells                   Type           Power      Damage    Failure   Level
 Wereblood                Tmut           7%         N/A       14%         2
 Spider Form              Tmut/Pois      4%         N/A       41%         3
 Ice Form                 Ice/Tmut       4%         N/A       83%         4


Dungeon Overview and Level Annotations

Branches:
Dungeon (1/15)


Innate Abilities, Weirdness & Mutations

You have temporarily grown beastly horns and talons.
You have an increased reservoir of magic. (+10% MP)
You shall have no god before yourself.
Your divine heritage dramatically boosts your attributes as you level up.


Message History

Welcome, CryoSword the Demigod Transmuter.
The heart of this dungeon contains the astounding artefact, the Orb of Zot.
Found two stairs.
Okay, then.
Found a stone staircase leading down.
A dart slug comes into view.
A dart slug is nearby!
A dart slug is nearby!
You grow a pair of large bovine horns.
Your feet morph into talons.
The dart slug bites you but does no damage.
You hit the dart slug. You claw the dart slug.
You hit the dart slug but do no damage.
You claw the dart slug, but do no damage.
The dart slug barely misses you.
You hit the dart slug. You headbutt the dart slug.
The dart slug barely misses you.
You hit the dart slug. You hit the dart slug.
You kill the dart slug!
Your transformation is almost over.
No target in view!
Your horns disappear.
Your talons disappear.
You now have 12 gold pieces.
Could not explore, unopened door.
Could not explore, unopened door.
Could not explore, unopened door.
You open the door.
A frilled lizard comes into view.
The frilled lizard hisses angrily.
Found a scroll labelled KEBUGH DAEQ.
A frilled lizard is nearby!
A frilled lizard is nearby!
You barely miss the frilled lizard. The frilled lizard barely misses you.
You grow a pair of large bovine horns.
Your feet morph into talons.
The frilled lizard bites you.
You hit the frilled lizard.
You kill the frilled lizard!
No target in view!
An endoplasm comes into view.
An endoplasm is nearby!
An endoplasm is nearby!
A dart slug comes into view.
The endoplasm hits you.
There is an open door here.
You see here a frilled lizard corpse.
You hit the endoplasm. The endoplasm closely misses you.
You hit the endoplasm.
You kill the endoplasm!
Your transformation is almost over.
Your Fighting skill increases to level 1!
Found a faded altar of an unknown god.
The dart slug launches a dart at you. The slug dart misses you.
You hit the dart slug. You claw the dart slug. The dart slug bites you.
You hit the dart slug but do no damage.
You headbutt the dart slug, but do no damage.
You punch the dart slug.
You kill the dart slug!
Your Transmutations skill increases to level 2!
No target in view!
Your horns disappear.
Your talons disappear.
b - a scroll labelled KEBUGH DAEQ
There is a faded altar of an unknown god here.
c - a scroll labelled FEARIG QEMEURR You open the door.
There is an open door here.
A kobold comes into view. It is wielding a +2 dagger of venom.
A kobold is nearby!
You grow a pair of large bovine horns.
Your feet morph into talons.
Your transformation is almost over.
The kobold shouts!
You hear a shout!
The kobold throws a stone.
The stone hits you but does no damage.
The kobold throws a stone.
The stone hits you. The kobold closely misses you.
You hit the kobold but do no damage. The kobold closely misses you.
You barely miss the kobold. Your kick misses the kobold.
The kobold hits you with a +2 dagger of venom.
You are lethally poisoned!
You are too injured to fight recklessly!
You aren't carrying any potions.
Unknown command.
You aren't carrying any potions.
You hit the kobold but do no damage. Your kick misses the kobold.
* * * LOW HITPOINT WARNING * * *
You feel very sick.
The kobold hits you with a +2 dagger of venom.
* * * LOW HITPOINT WARNING * * *
You miss the kobold. Your kick misses the kobold.
You die...

.. .###########
#.#.........#
..#....#....#
.##.#..#..#.#
.##.#..#..#.### #
..†####_####'.####.#
.##.#..#..#.#...@K.#
#.#.#..#..#.######.#
..#....#....# ..
..#.........# ##
..########### .....#
.....# .....# .....#


You could see a kobold.

Vanquished Creatures
  2 dart slugs (D:1)
  An endoplasm (D:1)
  A frilled lizard (D:1)
4 creatures vanquished.

Notes
Turn   | Place    | Note
-------+----------+-------------------------------------------
     0 | D:1      | CryoSword the Demigod Transmuter began the quest for the
                  | Orb.
     0 | D:1      | Reached XP level 1. HP: 15/15 MP: 5/5
    88 | D:1      | Reached skill level 1 in Fighting
   164 | D:1      | Succumbed to a kobold's poison

Illustrated notes

Levels and vault maps discovered:
D:1:      dpeg_arrival_pits, layout_loops_ring,
          shapermc_ecumenical_altar_notcrosses, moated_statue

Skill      XL: |  1 |
---------------+----+-----
Fighting       | 1 |  1.0
Transmutations | 2 |  2.0
Dodging        | |  1.9
Unarmed Combat | |  2.8
Spellcasting   | |  1.8

Action                   || total
-------------------------++-------
Melee: Unarmed           ||    15
       Kick              ||     3
       Headbutt          ||     2
       Punch             ||     1
 Cast: Beastly Appendage ||     3
Armor: Robe              ||     2
Dodge: Dodged            ||     7
